[Event "*** Titled Tuesday Blitz AM"]
[Site "Chess.com"]
[Date "2020.01.07"]
[Round "4"]
[White "garfield_pg"]
[Black "Pilopa"]
[Result "1-0"]
[WhiteElo "2364"]
[BlackElo "2547"]
[TimeControl "180+2"]
[EndTime "9:56:40 PST"]
[Termination "garfield_pg won by resignation"]

1. e4 Nc6 2. Nf3 d6 3. d4 Nf6 4. Nc3 g6 5. d5 Nb8 6. Bg5 Bg7 7. Qd2 c6 8. dxc6 Nxc6 9. h3 Qb6 10. Rb1 Be6 11. Bd3 O-O 12. O-O Rac8 13. Bh6 Qa5 14. a3 Qh5 15. Bxg7 Kxg7 16. Ne2 Ne5 17. Nxe5 dxe5 18.
Ng3 Qh4 19. Qa5 Qf4 20. Qxa7 h5 21. Qe3 h4 22. Qxf4 exf4 23. Ne2 Nh5 24. f3 Rfd8 25. Rfd1 g5 26. c3 Bb3 27. Rd2 e5 28. Re1 Rd6 29.
Nc1 Be6 30. Rdd1 Rb6 31. Re2 Ng3 32. Red2 Kf6 33. Ne2 Bb3 34. Bc2 Bc4 35. Nxg3 hxg3 36. Rd6+ Rxd6 37. Rxd6+ Ke7 38. Rd2 Be6 39. Kf1 Rc6 40. Bd3 Rd6 41. Ke2 Rb6 42. b4 Rc6 43.
Rc2 Rc8 44. c4 Ra8 45. Rc3 Rh8 46. c5 Bxh3 47. gxh3 Rxh3 48. Kf1 Rh2 49. Rc2 Rh1+ 50. Kg2 Rd1 51. Be2 Ra1 52. b5 Kd7 53. c6+ bxc6 54.
bxc6+ Kc7 55. Bc4 Rxa3 56. Bxf7 Ra8 57. Be6 Rh8 58. Bh3 Rh6 59. Rc5 Rxc6 60. Rxe5 Rc2+ 61. Kg1 Rc1+ 62. Bf1 g4 63. fxg4 f3 64. Rf5 Rc3 65. g5 Kd7 66. g6 Rc6 67. Rxf3 Rxg6 68. Kg2 Kd6 69. Rxg3 Rf6 70. Rf3 Rg6+ 71. Kf2 Rg7 72. Ke3 Ra7 73. Bd3 Ke5 74. Rf5+ Ke6 75. Rh5 Ra1 76.
Kd4 Rd1 77. Rh6+ Ke7 78. Ra6 Rh1 79. Kd5 Rd1 80. Ra7+ Kf6 81. e5+ Kg5 82. Rg7+ Kf4 83. Kd4 Re1 84. Rf7+ Kg5 85. Rf1 Rxf1 86. Bxf1 Kg6 87.
Kd5 Kf7 88. Kd6 Ke8 89. Ke6 Kf8 90. Kd7 Kf7 91. e6+ Kf6 92. e7 Ke5 93. e8=Q+ Kd4 94. Qe2 Kc3 95. Qd3+ Kb2 96. Kc6 1-0

[Event "*** Titled Tuesday Blitz AM"]
[Site "Chess.com"]
[Date "2020.01.07"]
[Round "4"]
[White "MITerryble"]
[Black "Alex_Molchanov"]
[Result "1-0"]
[WhiteElo "2940"]
[BlackElo "2604"]
[TimeControl "180+2"]
[EndTime "9:57:47 PST"]
[Termination "MITerryble won by resignation"]

1. e4 c6 2. Nf3 d5 3. exd5 cxd5 4.
Ne5 Nf6 5. d4 g6 6. Bb5+ Nbd7 7.
O-O Bg7 8. Re1 O-O 9. Nd2 Ne8 10. Bxd7 Bxd7 11. Qf3 Bf5 12. c3 Rc8 13. Nf1 Be6 14. Ng3 Nd6 15. h4 Nf5 16. h5 Nxg3 17. Qxg3 Bf5 18. Qh4 Bf6 19. Qh2 b5 20. a3 Bg7 21.
hxg6 Bxg6 22. Bh6 Qd6 23. Re3 f6 24. Nxg6 hxg6 25. Qxd6 exd6 26. Bf4 Rfe8 27. Bxd6 Kf7 28. Rae1 Rxe3 29. Rxe3 Re8 30. Rxe8 Kxe8 31. Bf4 Kf7 32. b3 a6 33. Kf1 Ke6 34. Ke2 f5 35. Kd3 Bf8 36. a4 Kd7 37. Bg5 Kc6 38. Ke3 Bd6 39. Bf6 Kd7 40. Be5 Bf8 41. Kd3 Kc6 42. f3 Bh6 43.
Ke2 Bc1 44. axb5+ axb5 45. Bg3 Bh6 46. Be5 Bg5 47. Bg7 Bf4 48. Bf6 Bh6 49. Bh4 Bf4 50. Be1 Bh6 51. Bd2 Bf8 52. Be3 Bg7 53. Kf2 Bf8 54.
Kg3 Bd6+ 55. Kh4 Be7+ 56. Bg5 Bf8 57. Kg3 Bd6+ 58. Kf2 Bc7 59. Ke3 Bd6 60. Kd3 Bf8 61. c4 Bg7 62. Bf4 Bf6 63. Be5 Be7 64. Kc3 Bf8 65.
c5 Bh6 66. Kd3 Bg5 67. Ke2 Bc1 68. Kf2 Bg5 69. Kg3 Be7 70. Kf4 Kd7 71. Bg7 Ke6 72.
Bh8 Bd8 73. Be5 Kd7 74. Bb8 Bf6 75. Ke3 Bg5+ 76. Bf4 Bf6 77. Be5 Bg5+ 78. Kf2 Kc6 79. Kg3 Kd7 80. Bf4 Bf6 81. Be3 Ke6 82. Kf2 Bh4+ 83.
Ke2 Bf6 84. Kd3 Kd7 85. Bf4 Kc6 86. Be5 Bg5 87. Ke2 Kd7 88. Kf2 Bh4+ 89. Kg1 Bg5 90. Kh2 Bh4 91. Kh3 Be7 92. g4 Bg5 93. Kg3 Kc6 94. Bf4 Bf6 95. Be3 fxg4 96. Kxg4 Kd7 97. Bf2 Kc6 98. Kf4 Kd7 99. Ke3 Bg5+ 100. Kd3 Bf6 101.
Bg3 Bg5 102. Be5 Bh6 103. Ke2 Bg5 104. Kf2 Kc6 105. Kg3 Kd7 106. Kg4 Be7 107. Bg7 Ke6 108. Kf4 Bd8 109. Be5 Kd7 110. Bb8 Bf6 111. Be5 Bd8 112.
Kg4 Be7 113. Bg3 Bd8 114. Bh4 Ba5 115. Kg5 Bd8+ 116. Kg4 Ba5 117. Bf6 Ke6 118. Be5 Bd8 119. c6 Be7 120. f4 Bb4 121. Kg5 1-0

[Event "*** Titled Tuesday Blitz AM"]
[Site "Chess.com"]
[Date "2020.01.07"]
[Round "4"]
[White "KRASAVCHIK2002"]
[Black "HomayoonTofighi"]
[Result "0-1"]
[WhiteElo "2480"]
[BlackElo "2684"]
[TimeControl "180+2"]
[EndTime "9:58:06 PST"]
[Termination "HomayoonTofighi won by resignation"]

1. e4 d5 2. exd5 Qxd5 3. Nc3 Qa5 4. d4 Nf6 5. Nf3 Bg4 6. h3 Bh5 7. g4 Bg6 8. Ne5 Nbd7 9. Nc4 Qa6 10. Bf4 Qe6+ 11.
Ne3 Qb6 12. Nc4 Qe6+ 13. Ne3 a6 14. d5 Qb6 15. Nc4 Qa7 16. Be3 Qb8 17. Bg2 e6 18.
Qd2 Bb4 19. a3 Bxc3 20. Qxc3 exd5 21. Ne5 O-O 22. Nxd7 Nxd7 23. h4 c5 24. Qd2 d4 25.
Bf4 Re8+ 26. Kf1 Qc8 27. h5 Be4 28. Bxe4 Rxe4 29. f3 Re8 30. Re1 Qc6 31. Kg2 Nf6 32.
h6 g6 33. Kg3 Nd5 34. c4 dxc3 35. Rxe8+ Rxe8 36. bxc3 b5 37. Rd1 Nxf4 38. Qxf4 Qe6 39. Qg5 c4 40. Rd8 Kf8 41. Qc5+ Qe7 42. Rxe8+ Kxe8 43. Qc8+ Qd8 44. Qxa6 Qd5 45. Qf6 Kd7 46. f4 Qe6 47.
Qe5 Qxe5 48. fxe5 Kc6 49. Kf4 Kd5 50. g5 Kc5 51. Ke4 Kc6 52. e6 fxe6 53. Ke5 Kd7 54. Kf6 Kd6 55. Kg7 e5 56. Kxh7 e4 57. Kxg6 e3 58. h7 e2 59. h8=Q e1=Q 60. Qf6+ Kc5 61. Kf7 Qh1 62. g6 Qh5 63. Kf8 Qh6+ 64. Qg7 Qf4+ 65.
Qf7 Qb8+ 66. Qe8 Qf4+ 67. Kg8 Qg3 68. g7 Qxc3 69. Qf8+ Kb6 70. Kf7 Qf3+ 71. Ke8 Qc6+ 72. Kd8 Qc7+ 73. Ke8 Qc6+ 74. Kf7 Qf3+ 75. Kg6 Qg4+ 76.
Kh7 Qh5+ 77. Kg8 c3 78. Qf6+ Kb7 79. Kf8 Qc5+ 80. Qe7+ Qxe7+ 81. Kxe7 c2 82. g8=Q c1=Q 83. Qd5+ Kb6 84. Qd6+ Ka5 85. Qb4+ Kb6 86. Qd6+ Kb7 87. Qb4 Qc6 88. Kf8 Ka6 89. Ke7 Kb6 90. Kf7 Qc4+ 91.
Kf6 Kc6 92. Ke5 Qd5+ 93. Kf4 Qd3 94. Ke5 Qe3+ 95. Kf5 Qd3+ 96. Ke5 Qe3+ 97. Kf5 Qe2 98. Kf4 Kd5 99. Kf5 Qf3+ 100. Kg5 Qe2 101. Kf4 Qc4+ 102. Ke3 Qxb4 103. axb4 Kc4 104. Kd2 Kxb4 105. Kc2 Ka3 106. Kb1 Kb3 0-1

[Event "*** Titled Tuesday Blitz AM"]
[Site "Chess.com"]
[Date "2020.01.07"]
[Round "5"]
[White "FearlessKing64"]
[Black "Colombiano07"]
[Result "0-1"]
[WhiteElo "2340"]
[BlackElo "2173"]
[TimeControl "180+2"]
[EndTime "10:00:34 PST"]
[Termination "Colombiano07 won by resignation"]

1. e4 c5 2. Nf3 Nc6 3. d4 cxd4 4.
Nxd4 Nf6 5. Nc3 g6 6. Be3 Bg7 7. f3 O-O 8. Qd2 d5 9. exd5 Nxd5 10.
Nxd5 Qxd5 11. Nxc6 bxc6 12. c3 Rb8 13. Be2 Qxd2+ 14.
Bxd2 Rxb2 15. Be3 Be6 16. Bxa7 Bxc3+ 17. Kf1 Ra8 18. Be3 Raxa2 19. Rxa2 Rxa2 20. Kf2 Bc4 0-1

[Event "*** Titled Tuesday Blitz AM"]
[Site "Chess.com"]
[Date "2020.01.07"]
[Round "5"]
[White "elm2007"]
[Black "bhavesh1810"]
[Result "1-0"]
[WhiteElo "2747"]
[BlackElo "2019"]
[TimeControl "180+2"]
[EndTime "10:01:01 PST"]
[Termination "elm2007 won by resignation"]

1. e4 c5 2. Nf3 d6 3. d4 cxd4 4. Nxd4 Nf6 5. Nc3 a6 6. Bg5 h6 7. Bxf6 gxf6 8. Qf3 h5 9. h3 Nd7 10. O-O-O Ne5 11. Qe2 h4 12. Kb1 Bh6 13. Nf5 Bxf5 14. exf5 Qd7 15. Nd5 O-O-O 16. Nb6+ Kb8 17. Nxd7+ Rxd7 18. Qe4 Bf8 19. f4 Nc6 20. Bxa6 Kc7 21. Bb5 Rg8 22.
Rd3 Nb8 1-0

[Event "*** Titled Tuesday Blitz AM"]
[Site "Chess.com"]
[Date "2020.01.07"]
[Round "5"]
[White "szefru"]
[Black "ViennaRocket"]
[Result "0-1"]
[WhiteElo "2122"]
[BlackElo "2386"]
[TimeControl "180+2"]
[EndTime "10:01:56 PST"]
[Termination "ViennaRocket won by resignation"]

1. d4 b5 2. Bf4 Bb7 3. e3 e6 4. c4 bxc4 5. Bxc4 Bxg2 6. Nc3 Bxh1 7. Nge2 Bf3 8. Qd3 Bxe2 9. Qxe2 Nf6 10. Qf3 d5 11.
Bb5+ c6 12. Ba4 Bb4 13. Ke2 Bxc3 14. bxc3 Qa5 15. Bb3 Nbd7 16. Rc1 Qa6+ 17. c4 Nb6 18. Ke1 Nxc4 19. Bxc4 dxc4 20. Be5 Ke7 21. Qe2 Qa5+ 22. Kf1 c3 23. Qc4 Qb5 24. Rxc3 Qxc4+ 25. Rxc4 Rhc8 26.
e4 Nxe4 0-1

[Event "*** Titled Tuesday Blitz AM"]
[Site "Chess.com"]
[Date "2020.01.07"]
[Round "5"]
[White "Duhless"]
[Black "KhazarBabazada"]
[Result "1-0"]
[WhiteElo "3107"]
[BlackElo "2913"]
[TimeControl "180+2"]
[EndTime "10:01:59 PST"]
[Termination "Duhless won by resignation"]

1. c4 c5 2. Nf3 Nc6 3. d3 Nf6 4.
g3 g6 5. Bg2 Bg7 6. O-O O-O 7.
Nc3 d5 8. cxd5 Nxd5 9. Nxd5 Qxd5 10. Be3 Qd6 11. Rc1 b6 12. d4 Ba6 13. dxc5 Qxd1 14. Rfxd1 bxc5 15. Rxc5 Rac8 16. Rdc1 Nb4 17. a3 Bxb2 18. Rb1 Bxa3 19. Ra5 Rc3 20. Bd2 1-0

[Event "*** Titled Tuesday Blitz AM"]
[Site "Chess.com"]
[Date "2020.01.07"]
[Round "5"]
[White "MixMasterChess"]
[Black "pedroholly22"]
[Result "1-0"]
[WhiteElo "2138"]
[BlackElo "2357"]
[TimeControl "180+2"]
[EndTime "10:02:06 PST"]
[Termination "MixMasterChess won by resignation"]

1. Nf3 c5 2. c4 Nf6 3. Nc3 g6 4. g3 Bg7 5. Bg2 O-O 6. O-O d5 7. cxd5 Nxd5 8. Nxd5 Qxd5 9. d3 Nc6 10. Be3 Bxb2 11. Rb1 Qxa2 12. Qc2 b6 13. Qxb2 Qxb2 14. Rxb2 Bd7 15. Bh6 Rfc8 16. Ra1 Rab8 17. Bf4 Rb7 18. Ne5 Nxe5 19. Bxb7 Rc7 20. Bg2 f6 21. Bxe5 fxe5 22.
Rba2 a5 23. Rb2 1-0

[Event "*** Titled Tuesday Blitz AM"]
[Site "Chess.com"]
[Date "2020.01.07"]
[Round "5"]
[White "Iyael"]
[Black "Redbandit87"]
[Result "0-1"]
[WhiteElo "2073"]
[BlackElo "2371"]
[TimeControl "180+2"]
[EndTime "10:02:08 PST"]
[Termination "Redbandit87 won by resignation"]

1. e4 e5 2. Nf3 Nc6 3. Bb5 Bc5 4. O-O Qf6 5. c3 Nge7 6. d3 h6 7. Be3 Bb6 8. Nbd2 O-O 9. Qe2 d6 10. h3 Ng6 11. Rad1 Nf4 12. Bxf4 Qxf4 13. Nc4 Ne7 14. Nxb6 axb6 15. Qe3 Qf6 16. d4 Ng6 17. Rfe1 c6 18. Bf1 Nf4 19. a3 b5 20. dxe5 dxe5 21.
Rd2 Be6 22. Red1 Qg6 23. Kh2 Qf6 24. Qc5 Ng6 25. Rd6 Rfd8 26. Rxd8+ Rxd8 27. Rxd8+ Qxd8 28. Qe3 Qd1 29. Be2 Qc2 30. b4 Qb2 31. Qd3 Qxa3 32. Qd8+ Kh7 33. Qd6 Qxc3 0-1

[Event "*** Titled Tuesday Blitz AM"]
[Site "Chess.com"]
[Date "2020.01.07"]
[Round "5"]
[White "David_Paravyan"]
[Black "Angry_Serb"]
[Result "1-0"]
[WhiteElo "2863"]
[BlackElo "2618"]
[TimeControl "180+2"]
[EndTime "10:02:23 PST"]
[Termination "David_Paravyan won by resignation"]

1. e4 e5 2. Nf3 d6 3. d4 exd4 4. Nxd4 Nf6 5. Nc3 Be7 6. Bf4 O-O 7. Qd2 c6 8. O-O-O b5 9. f3 b4 10.
Nce2 c5 11. Nb3 c4 12. Nbd4 Qa5 13. Kb1 Bd7 14. Ng3 Rc8 15. Ndf5 Bxf5 16. Nxf5 Bf8 17. Bxd6 c3 18. Qg5 1-0

[Event "*** Titled Tuesday Blitz AM"]
[Site "Chess.com"]
[Date "2020.01.07"]
[Round "5"]
[White "Everyfishknows"]
[Black "HarryCun"]
[Result "0-1"]
[WhiteElo "2315"]
[BlackElo "2070"]
[TimeControl "180+2"]
[EndTime "10:02:23 PST"]
[Termination "HarryCun won by resignation"]

1. Nf3 Nf6 2. c4 e6 3. g3 b6 4. Bg2 Bb7 5. O-O Be7 6. b3 O-O 7. Bb2 d6 8. Nc3 Nbd7 9. d4 c5 10. e3 Rc8 11. Qe2 Qc7 12. Rac1 Qb8 13. Rfd1 Qa8 14.
Ne1 Bxg2 15. Nxg2 Ne4 16. Nxe4 Qxe4 17. Qd3 Qxd3 18. Rxd3 Bf6 19. Rd2 Rfd8 20. dxc5 Nxc5 21.
Bxf6 gxf6 22. Rcd1 Ne4 23. Rd4 f5 24. Nf4 e5 25. Rxe4 fxe4 26. Nd5 Kg7 27. Ne7 Rc7 28. Nf5+ Kg6 29. Rxd6+ Rxd6 30. Nxd6 f5 31. b4 Rd7 32. c5 bxc5 33. bxc5 a5 34. Nc4 Rc7 35. Nxe5+ Kf6 36. f4 exf3 37. Nxf3 Rxc5 38. Nd4 a4 39. Kg2 Rc3 40. Kf3 Ra3 41. h4 Rxa2 42. g4 0-1

[Event "*** Titled Tuesday Blitz AM"]
[Site "Chess.com"]
[Date "2020.01.07"]
[Round "5"]
[White "Gahan-MG"]
[Black "GMHess"]
[Result "0-1"]
[WhiteElo "2490"]
[BlackElo "2733"]
[TimeControl "180+2"]
[EndTime "10:02:34 PST"]
[Termination "GMHess won by resignation"]

1. e4 d6 2. d4 Nf6 3. Nc3 c6 4. f4 Qa5 5. Bd3 d5 6. e5 Ne4 7.
Bxe4 dxe4 8. Qe2 Na6 9. Qxe4 g6 10. Bd2 Bf5 11. Qe2 Nb4 12. O-O-O Bxc2 13. a3 Bd3 14.
Qf3 Qa4 0-1

[Event "*** Titled Tuesday Blitz AM"]
[Site "Chess.com"]
[Date "2020.01.07"]
[Round "5"]
[White "Korona_91"]
[Black "ori99"]
[Result "0-1"]
[WhiteElo "2419"]
[BlackElo "2073"]
[TimeControl "180+2"]
[EndTime "10:02:42 PST"]
[Termination "ori99 won by resignation"]

1. e4 c5 2. Nf3 e6 3. b3 d5 4.
exd5 exd5 5. Bb5+ Nc6 6. Qe2+ Be7 7. Bb2 Nf6 8. Bxf6 gxf6 9. Nc3 Be6 10. Bxc6+ bxc6 11. O-O-O Qa5 12. Na4 Rg8 13. g3 Rb8 14. Rhe1 Rg4 15. d4 c4 16. Qe3 Ba3+ 17. Kb1 Qxa4 18. h3 Re4 19. Qc3 Rxe1 20. Nxe1 Bf5 21.
Qe3+ Kd7 22. Qf4 Rxb3+ 23. Ka1 Bb2+ 24. Kb1 Bc3+ 0-1

[Event "*** Titled Tuesday Blitz AM"]
[Site "Chess.com"]
[Date "2020.01.07"]
[Round "5"]
[White "chess4ever007"]
[Black "Kirill_Kopenkin"]
[Result "1-0"]
[WhiteElo "2396"]
[BlackElo "2459"]
[TimeControl "180+2"]
[EndTime "10:02:48 PST"]
[Termination "chess4ever007 won by resignation"]

1. Nf3 Nf6 2. g3 g6 3. b3 Bg7 4. Bb2 O-O 5. Bg2 d6 6. d4 Nbd7 7. O-O Re8 8. a4 e5 9. dxe5 Ng4 10. Nc3 dxe5 11. e4 c6 12. a5 Nc5 13. Qe2 Ne6 14. Rfd1 Qc7 15. a6 b5 16. h3 Nh6 17. Nb1 c5 18. Qxb5 Rd8 19. Rxd8+ Qxd8 20. Nc3 Nd4 21. Qxc5 Bxh3 22. Nxd4 Bxg2 23. Nc6 Qc7 24. Ne7+ 1-0

[Event "*** Titled Tuesday Blitz AM"]
[Site "Chess.com"]
[Date "2020.01.07"]
[Round "5"]
[White "HomayoonTofighi"]
[Black "Annawel"]
[Result "0-1"]
[WhiteElo "2680"]
[BlackElo "2987"]
[TimeControl "180+2"]
[EndTime "10:02:51 PST"]
[Termination "Annawel won on time"]

1. e4 d5 2. exd5 Qxd5 3. Nc3 Qd6 4. d4 c6 5. Bc4 Nf6 6. Nf3 Bg4 7. Be3 Nbd7 8. h3 Bxf3 9. Qxf3 e6 10. O-O-O Be7 11. Bb3 O-O 12. g4 a5 13. g5 Nd5 14.
Ne4 Qc7 15. c3 a4 16. Bc2 a3 17. b3 c5 0-1

[Event "*** Titled Tuesday Blitz AM"]
[Site "Chess.com"]
[Date "2020.01.07"]
[Round "5"]
[White "DishonorOnYourCow"]
[Black "KRASAVCHIK2002"]
[Result "1-0"]
[WhiteElo "2245"]
[BlackElo "2467"]
[TimeControl "180+2"]
[EndTime "10:02:51 PST"]
[Termination "DishonorOnYourCow won by resignation"]

1. d4 Nf6 2. c4 e6 3. Nf3 b6 4. g3 Bb7 5. Bg2 Be7 6. O-O O-O 7. Nc3 Ne4 8. Qc2 Nxc3 9. Qxc3 f5 10. b3 Bf6 11. Bb2 d6 12. Rad1 Qe7 13. Qc2 Nd7 14. d5 g6 15. dxe6 Qxe6 16. Nd4 1-0

[Event "*** Titled Tuesday Blitz AM"]
[Site "Chess.com"]
[Date "2020.01.07"]
[Round "5"]
[White "vinniethepooh"]
[Black "gpeloui"]
[Result "1-0"]
[WhiteElo "2606"]
[BlackElo "2404"]
[TimeControl "180+2"]
[EndTime "10:02:52 PST"]
[Termination "vinniethepooh won by resignation"]

1. d4 Nf6 2. c4 e6 3. Nc3 Bb4 4.
e3 O-O 5. Bd3 d5 6. Nf3 c5 7. O-O Nc6 8. cxd5 exd5 9. dxc5 Bxc5 10. b3 Bg4 11. Bb2 a6 12. Be2 Re8 13. h3 Bh5 14. Rc1 Bd6 15. Nd4 Bxe2 16. Ncxe2 Rc8 17. Nxc6 bxc6 18. Nd4 Qd7 19. Qf3 Ne4 20. Nf5 Bf8 21. Bxg7 Bxg7 22. Qg4 f6 23. Nh6+ 1-0

[Event "*** Titled Tuesday Blitz AM"]
[Site "Chess.com"]
[Date "2020.01.07"]
[Round "5"]
[White "Komissarov_alex"]
[Black "MathiasWomacka"]
[Result "1-0"]
[WhiteElo "1758"]
[BlackElo "2332"]
[TimeControl "180+2"]
[EndTime "10:02:52 PST"]
[Termination "Komissarov_alex won by resignation"]

1. d4 Nf6 2. Nf3 e6 3. e3 c5 4.
c3 Nc6 5. Nbd2 d5 6. Bd3 Bd6 7. O-O O-O 8. dxc5 Bxc5 9. b4 Bd6 10. Bb2 Qc7 11. b5 Ne5 12. Nxe5 Bxe5 13. f4 Bd6 14. c4 Qb6 15. Bd4 Bc5 16. Bxf6 Bxe3+ 17. Kh1 gxf6 18. Qh5 Rd8 19. Qh6 f5 20. Rf3 Qd4 21.
Qg5+ Kf8 22. Qxd8+ Kg7 23. Rg3+ 1-0

[Event "*** Titled Tuesday Blitz AM"]
[Site "Chess.com"]
[Date "2020.01.07"]
[Round "5"]
[White "Martins-BR"]
[Black "albano87"]
[Result "1-0"]
[WhiteElo "2367"]
[BlackElo "2054"]
[TimeControl "180+2"]
[EndTime "10:02:53 PST"]
[Termination "Martins-BR won by checkmate"]

1. e4 c5 2. Nf3 Nc6 3. Nc3 d6 4. d4 cxd4 5. Nxd4 Nf6 6. f3 Nxd4 7. Qxd4 g6 8. Be3 Bg7 9. O-O-O O-O 10. Qd2 Qa5 11.
Kb1 b5 12. Nd5 Qd8 13. Bh6 Bxh6 14. Qxh6 Nxd5 15. exd5 Bf5 16. g4 Bd7 17. Bd3 f5 18. h4 Rf6 19. g5 Rf7 20. h5 Rg7 21. hxg6 hxg6 22. Rde1 Qf8 23. Re6 Qe8 24. Bxf5 gxf5 25. Qh8+ Kf7 26. g6+ Rxg6 27. Rh7+ Rg7 28. Qxg7# 1-0

[Event "*** Titled Tuesday Blitz AM"]
[Site "Chess.com"]
[Date "2020.01.07"]
[Round "5"]
[White "JoachimBN"]
[Black "SmirnovAlexandrA"]
[Result "1-0"]
[WhiteElo "2451"]
[BlackElo "2130"]
[TimeControl "180+2"]
[EndTime "10:02:56 PST"]
[Termination "JoachimBN won by resignation"]

1. Nf3 Nf6 2. c4 g6 3. Nc3 Bg7 4. e4 O-O 5. d4 d6 6. Be2 Bg4 7. Be3 Nbd7 8. O-O c6 9. Rc1 Qc7 10. h3 Bxf3 11. Bxf3 e5 12. d5 Rfd8 13. b4 a5 14. a3 axb4 15. axb4 Ra3 16. Qd2 Rda8 17. Rfd1 cxd5 18. Nb5 Qd8 19. Nxa3 Rxa3 20. cxd5 Ne8 21. Qb2 Ra8 22. g3 f5 23. Qc2 fxe4 24. Bxe4 Ndf6 25. Bg2 Qd7 26. g4 Qb5 27. Qc4 Qd7 28. b5 Bf8 29. b6 Ra4 30. Qc8 Kf7 31. g5 Qxc8 32. Rxc8 Nd7 33. Rdc1 Rb4 34. R8c7 Nxc7 35. bxc7 1-0

[Event "*** Titled Tuesday Blitz AM"]
[Site "Chess.com"]
[Date "2020.01.07"]
[Round "5"]
[White "sandromareco"]
[Black "Ariadna_Atreides"]
[Result "1-0"]
[WhiteElo "2773"]
[BlackElo "2062"]
[TimeControl "180+2"]
[EndTime "10:03:05 PST"]
[Termination "sandromareco won by resignation"]

1. d4 e6 2. Nf3 c5 3. c3 Nf6 4.
Bf4 Be7 5. e3 O-O 6. Be2 b6 7.
O-O Bb7 8. h3 d6 9. a4 Nbd7 10.
Bh2 Ne4 11. Na3 d5 12. a5 Ndf6 13. Nb5 a6 14. Nc7 Rc8 15. axb6 Bd6 16. Bxa6 Bxa6 17. Rxa6 Bxh2+ 18. Nxh2 cxd4 19. exd4 Nd6 20. Qb3 Nd7 21. Nb5 Nb7 22. Na7 Rc6 23. Nxc6 1-0

[Event "*** Titled Tuesday Blitz AM"]
[Site "Chess.com"]
[Date "2020.01.07"]
[Round "5"]
[White "JSMastropiero"]
[Black "Shivagami"]
[Result "1-0"]
[WhiteElo "2398"]
[BlackElo "2140"]
[TimeControl "180+2"]
[EndTime "10:03:25 PST"]
[Termination "JSMastropiero won by resignation"]

1. e4 Nc6 2. Nf3 d6 3. d4 Nf6 4.
Nc3 Bg4 5. Bb5 a6 6. Bxc6+ bxc6 7. h3 Bh5 8. Be3 e6 9. g4 Bg6 10. Nd2 Be7 11. Qe2 d5 12. e5 Nd7 13. Nb3 c5 14. Nxc5 Nxc5 15. dxc5 d4 16. O-O-O Bxc5 17. Qc4 Qe7 18. Bxd4 Bb4 19. Qc6+ 1-0

[Event "*** Titled Tuesday Blitz AM"]
[Site "Chess.com"]
[Date "2020.01.07"]
[Round "5"]
[White "Rikikits"]
[Black "Endgamegenius"]
[Result "1-0"]
[WhiteElo "2717"]
[BlackElo "2360"]
[TimeControl "180+2"]
[EndTime "10:03:28 PST"]
[Termination "Rikikits won by resignation"]

1. b3 d6 2. Bb2 Nf6 3. e3 Nbd7 4. Nf3 g6 5. c4 Bg7 6. d4 O-O 7. Be2 c6 8. Nc3 Re8 9. O-O e5 10. Qc2 e4 11. Nd2 Qe7 12. a4 Nf8 13. Ba3 h5 14. Rae1 Bf5 15. Qc1 g5 16. f3 exf3 17. Bxf3 g4 18. Bd1 Bd3 19. Bc2 Bxf1 20. Nxf1 Bh6 21.
Qd1 a6 22. Ng3 Bxe3+ 23. Kh1 Qd8 24. Nf5 Bf4 25. Rf1 Bg5 26. Nxd6 Re6 27. Nf5 Ng6 28.
d5 cxd5 29. cxd5 Re5 30. d6 Rc8 31. Ne2 Ne4 32. Bxe4 Rxe4 33. Neg3 Re6 34. Nxh5 Rc1 35. Bxc1 1-0

[Event "*** Titled Tuesday Blitz AM"]
[Site "Chess.com"]
[Date "2020.01.07"]
[Round "5"]
[White "Gareth-Bale11"]
[Black "mohssenbinaddi"]
[Result "1-0"]
[WhiteElo "2718"]
[BlackElo "2213"]
[TimeControl "180+2"]
[EndTime "10:03:29 PST"]
[Termination "Gareth-Bale11 won by resignation"]

1. Nf3 d5 2. d4 Bg4 3. c4 Bxf3 4. gxf3 dxc4 5. Qa4+ Nc6 6. e3 Qd5 7. Nc3 Qxf3 8. Rg1 a6 9. Bg2 Qf6 10. Qxc4 O-O-O 11. Bd2 e5 12. d5 Nb4 13. Rc1 b5 14. Qe4 c6 15. a3 Nxd5 16. Nxd5 Qd6 17. Ba5 Kb7 18. Bxd8 Qxd8 19. Nb4 Bxb4+ 20. axb4 Ne7 21. Rxc6 f5 22. Rb6+ 1-0

[Event "*** Titled Tuesday Blitz AM"]
[Site "Chess.com"]
[Date "2020.01.07"]
[Round "5"]
[White "MarcoRiehle"]
[Black "MishkaFighter"]
[Result "1-0"]
[WhiteElo "2634"]
[BlackElo "2431"]
[TimeControl "180+2"]
[EndTime "10:03:38 PST"]
[Termination "MarcoRiehle won by resignation"]

1. d4 g6 2. c4 Bg7 3. Nc3 d6 4. e4 Nf6 5. f3 O-O 6. Nge2 Nc6 7. Be3 a6 8. Qd2 Rb8 9. Nc1 e5 10. d5 Nd4 11. N1e2 c5 12. dxc6 bxc6 13. Nxd4 exd4 14.
Bxd4 Re8 15. Be2 d5 16. cxd5 cxd5 17. e5 Nh5 18. f4 Qh4+ 19. g3 Nxg3 20. Bf2 Nxe2 21.
Bxh4 Nxf4 22. O-O Nh3+ 23. Kg2 Bxe5 24. Rae1 d4 25. Nd5 Bb7 26. Kxh3 Bxd5 27. Bg3 Be6+ 28.
Kg2 Bd5+ 29. Kg1 1-0

[Event "*** Titled Tuesday Blitz AM"]
[Site "Chess.com"]
[Date "2020.01.07"]
[Round "5"]
[White "Oleksandr_Bortnyk"]
[Black "TrimitziosP7"]
[Result "1-0"]
[WhiteElo "3001"]
[BlackElo "2712"]
[TimeControl "180+2"]
[EndTime "10:03:45 PST"]
[Termination "Oleksandr_Bortnyk won by resignation"]

1. e4 c6 2. c4 d5 3. cxd5 cxd5 4. exd5 Nf6 5. Qa4+ Nbd7 6. Nc3 g6 7. Bc4 Bg7 8. d3 O-O 9. Nf3 Nb6 10. Qb3 Bg4 11. Ne5 Bf5 12. O-O Nfd7 13. Nxd7 Qxd7 14. Re1 Rad8 15. Bg5 Bf6 16. Bxf6 exf6 17. Ne4 Bxe4 18. dxe4 Qd6 19. Bb5 Rc8 20. a4 a6 21. Bd3 Rc7 22.
g3 Rfc8 23. Bf1 Nd7 24. Bh3 Nc5 25. Qa3 Rd8 26. Rac1 a5 27. b4 Na6 28. Rxc7 axb4 29.
Qe3 Qxc7 30. Rc1 Qd6 31. f4 Re8 32. Qd4 Kg7 33. Bf1 Re7 34. Bxa6 bxa6 35. Rc6 Qd8 36. Qxf6+ Kg8 37. d6 Re8 38. Qxd8 Rxd8 39. Rxa6 b3 40. Rb6 Ra8 41. Rxb3 1-0

[Event "*** Titled Tuesday Blitz AM"]
[Site "Chess.com"]
[Date "2020.01.07"]
[Round "5"]
[White "Philosopherrr"]
[Black "Peroncio"]
[Result "0-1"]
[WhiteElo "2448"]
[BlackElo "2751"]
[TimeControl "180+2"]
[EndTime "10:03:54 PST"]
[Termination "Peroncio won by resignation"]

1. e4 e6 2. d4 d5 3. Nc3 Bb4 4.
e5 c5 5. Bd2 cxd4 6. Nb5 Bf8 7.
f4 a6 8. Nxd4 Ne7 9. Ngf3 Nec6 10. Be3 Bd7 11. c3 Nxd4 12. Nxd4 Nc6 13. Bd3 Nxd4 14.
Bxd4 Rc8 15. Qg4 g6 16. b4 Bb5 17. Bc2 Bxb4 18. Bxg6 hxg6 19. cxb4 Rc4 20. Bc5 Rh4 21. Qg5 Rhxf4 22. Qxd8+ Kxd8 23. a4 Rce4+ 24. Kd1 Bc4 25. Re1 Rxe1+ 26. Kxe1 Rf1+ 0-1

[Event "*** Titled Tuesday Blitz AM"]
[Site "Chess.com"]
[Date "2020.01.07"]
[Round "5"]
[White "Safar_From_Afar"]
[Black "LonesomeGeorge1"]
[Result "1-0"]
[WhiteElo "2102"]
[BlackElo "2285"]
[TimeControl "180+2"]
[EndTime "10:03:58 PST"]
[Termination "Safar_From_Afar won by checkmate"]

1. e4 c6 2. Nc3 d5 3. Nf3 dxe4 4. Nxe4 Nf6 5. Qe2 Nxe4 6. Qxe4 Qa5 7. Bc4 Bf5 8. Qe2 Bxc2 9. O-O Bg6 10. d4 e6 11.
Ne5 Nd7 12. Nxd7 Kxd7 13. Re1 Re8 14. d5 Bb4 15. dxe6+ Kc8 16. Rd1 Bh5 17. g4 Bg6 18.
a3 h5 19. Bf4 Be7 20. exf7 hxg4 21. Qe6# 1-0

[Event "*** Titled Tuesday Blitz AM"]
[Site "Chess.com"]
[Date "2020.01.07"]
[Round "5"]
[White "IwkooO"]
[Black "manmanlai1"]
[Result "0-1"]
[WhiteElo "2560"]
[BlackElo "2367"]
[TimeControl "180+2"]
[EndTime "10:04:01 PST"]
[Termination "manmanlai1 won by resignation"]

1. c4 e5 2. g3 Nf6 3. Bg2 h6 4. Nc3 Bb4 5. Nf3 Bxc3 6. bxc3 d6 7. O-O Nc6 8. d3 Rb8 9. Be3 a6 10. Rb1 O-O 11. d4 Bf5 12. Rb2 Be4 13. Qa4 Re8 14. d5 Ne7 15. Ba7 b5 16. cxb5 axb5 17. Rxb5 Ra8 18. c4 c6 19. Ra5 cxd5 20. cxd5 Bxd5 21. Bb6 Qxb6 0-1